 Dungeon Crawl Stone Soup version 0.21-a0-538-gd16b88a (webtiles) character file.

8 theanonym the Skirmisher (level 2, 24/24 HPs)
             Began as a Demonspawn Monk on Dec 16, 2017.
             Quit the game on level 1 of the Dungeon.
             The game lasted 00:00:20 (264 turns).

theanonym the Skirmisher (Demonspawn Monk)           Turns: 264, Time: 00:00:21

Health: 24/24      AC:  3    Str: 11    XL:     2   Next: 0%
Magic:  2/2        EV: 13    Int: 11    God:
Gold:   5          SH:  0    Dex: 15    Spells: 1/1 levels left

rFire    . . .     SeeInvis .     - Unarmed
rCold    . . .     Gourm    .   (no shield)
rNeg     . . .     Faith    .   a - +0 robe {0}
rPois    .         Spirit   .   (no helmet)
rElec    .         Reflect  .   (no cloak)
rCorr    .         Harm     .   (no gloves)
MR       .....                  (no boots)
Stlth    ++........             (no amulet)
HPRegen  0.08/turn              (no ring)
MPRegen  0.08/turn              (no ring)

@: no status effects
A: rugged brown scales 1
a: no special abilities


Innate Abilities, Weirdness & Mutations

You are partially covered in rugged brown scales. (AC +1, +3% HP)


   Skills:
 + Level 3.2 Fighting
 - Level 2.6 Dodging
 - Level 1.7 Stealth
 * Level 3.1 Unarmed Combat


You had one spell level left.
You didn't know any spells.

Skill      XL: |  1 |
---------------+----+-----
Unarmed Combat | 3 |  3.1
Fighting       | |  3.2
Dodging        | |  2.6
Stealth        | |  1.7

Action                   || total
-------------------------++-------
Melee: Unarmed           ||    19
 Stab: Sleeping          ||     1
Armor: Robe              ||     4
Dodge: Dodged            ||     9

Inventory:

Armour
 a - a +0 robe (worn) {0}
Scrolls
 c - a scroll of magic mapping {unknown}
Comestibles
 b - 2 chunks of flesh
 e - a bread ration


You were on level 1 of the Dungeon.
You were not hungry.

You visited 1 branch of the dungeon, and saw 1 of its levels.

You collected 5 gold pieces.

Dungeon Overview and Level Annotations

Branches:
Dungeon (1/15)

Altars:


Message History

You open the door.
There is an open door here.
You open the door.
A giant cockroach comes into view.
A giant cockroach is nearby!
A giant cockroach is nearby!
A giant cockroach is nearby!
A giant cockroach is nearby!
There is an open door here.
The giant cockroach misses you.
You hit the giant cockroach.
You kill the giant cockroach!
No target in view!
No target in view!
No target in view!
A goblin comes into view. It is wielding a club.
A goblin is nearby!
A goblin is nearby!
A goblin is nearby!
The goblin shouts!
You hit the goblin.
You kill the goblin!
No target in view!
No target in view!
No target in view!
Things that are here:
a club; a goblin corpse You butcher the goblin corpse.
b - a chunk of flesh
Things that are here:
a club; a goblin skeleton
Things that are here:
a club; a goblin skeleton
c - a scroll labeled KOIDEFEDUPU A rat comes into view.
A rat is nearby!
A rat is nearby!
A giant cockroach comes into view.
Found 19 bolts.
You completely miss the giant cockroach.
The giant cockroach bites you but does no damage.
You hit the giant cockroach but do no damage.
The giant cockroach completely misses you.
You barely miss the giant cockroach. The giant cockroach barely misses you.
You hit the giant cockroach.
You kill the giant cockroach!
The rat bites you.
You take 2 damage, and have 16/18 hp.
You barely miss the rat. The rat completely misses you.
You hit the rat.
You kill the rat!
No target in view!
No target in view!
No target in view!
You start resting.
Health restored: 18 A rat comes into view.
A rat is nearby!
A rat is nearby!
A rat is nearby!
The helpless rat fails to defend itself.
You hit the rat but do no damage. The rat bites you.
You take 1 damage, and have 17/18 hp.
You hit the rat. The rat barely misses you.
You barely miss the rat. The rat barely misses you.
A rat is nearby!
You closely miss the rat. The rat closely misses you.
You hit the rat.
You kill the rat!
You butcher the rat corpse.
b - 2 chunks of flesh (gained 1)
You see here a rat skeleton. x2
A hobgoblin comes into view. It is wielding a club.
Health restored: 18 A hobgoblin is nearby!
A hobgoblin is nearby!
A hobgoblin is nearby!
The hobgoblin shouts!
You barely miss the hobgoblin. The hobgoblin hits you with a club.
You take 2 damage, and have 16/18 hp.
You hit the hobgoblin but do no damage.
A bat comes into view.
You hit the hobgoblin.
You kill the hobgoblin!
Your Unarmed Combat skill increases to level 3!
The bat hits you.
Found a throwing net.
You take 1 damage, and have 15/18 hp.
You closely miss the bat. The bat hits you but does no damage.
The bat hits you.
The bat hits you but does no damage. x2; The bat misses you.
You miss the bat. The bat misses you.
You hit the bat.
You kill the bat!
You have reached level 2!
Your demonic ancestry asserts itself...
Rugged brown scales grow over part of your body.
MP restored: 2 You start resting.
Health restored: 24 Autopickup is now off.

......... ######.# #.#
#.. #......# #.# #..
#......# #.# #...
#......# ###.# ##...
#####......# #....
......#..........# #....
......#@†........# #....
.................# ###.#
...........###.#######.#
(......)............(...
...........####.##......
...........#....##......
...........#.....#......
.......#####÷....#......
####### #####.#......


There were no monsters in sight!

Notes
Turn   | Place    | Note
-------+----------+-------------------------------------------
     0 | D:1      | theanonym the Demonspawn Monk began the quest for the Orb.
     0 | D:1      | Reached XP level 1. HP: 18/18 MP: 1/1
   147 | D:1      | Reached skill level 3 in Unarmed Combat
   153 | D:1      | Gained mutation: You are partially covered in rugged brown scales. (AC +1, +3% HP) [demonic ancestry]
   153 | D:1      | Reached XP level 2. HP: 15/24 MP: 2/2
   264 | D:1      | Quit the game

Vanquished Creatures
  A bat (D:1)
  2 giant cockroaches (D:1)
  A goblin (D:1)
  A hobgoblin (D:1)
  2 rats (D:1)
7 creatures vanquished.

Table legend:
 A = Turns spent in this place as a percentage of turns spent in the entire game.
 B = Non-inter-level travel turns spent in this place as a percentage of non-inter-level travel turns spent in the entire game.
 C = Inter-level travel turns spent in this place as a percentage of turns spent in this place.
 D = Turns resting spent in this place as a percentage of non-inter-level travel turns spent in this place.
 E = Turns spent auto-exploring this place as a percentage of non-inter-level travel turns spent in this place.
 F = Non-inter-level travel turns spent in this place divided by the number of levels of this place that you've seen.
                   A       B       C       D       E      F
               +-------+-------+-------+-------+-------+----------------------
         Total | 100.0 | 100.0 |   0.0 |  51.9 |  30.7 | 264.0
       Dungeon | 100.0 | 100.0 |   0.0 |  51.9 |  30.7 | 264.0
               +-------+-------+-------+-------+-------+----------------------
